Map: Lightshade LE

Players

kyama

  • Race: Zerg Zerg
  • League: Platinum

VOD

Have the link to the VOD?

Description

Time

  • Played on: Oct. 10, 2021, 1:26 a.m.
  • Length: 7:55
Show
View Real Time Build Order
Export as new Build Order

kyama Zerg 

Build Orders: Hatch First 

Get SALT Encoding   

  12  0:01  Drone  
  13  0:13  Overlord  
  13  0:16  Drone  
  14  0:31  Drone x2  
  16  0:50  Hatchery  
  16  0:53  Drone  
  16  0:57  Drone  
  17  1:00  Drone  
  18  1:15  Spawning Pool  
  18  1:18  Drone  
  18  1:20  Drone  
  19  1:45  Hatchery, Drone  
  19  1:49  Overlord  
  19  2:01  Drone x2  
  20  2:04  Queen  
  23  2:13  Queen  
  25  2:20  Drone x2  
  27  2:23  Drone  
  27  2:27  Drone  
  27  2:29  Drone  
  30  2:37  Overlord  
  30  2:39  Overlord  
  30  2:44  Drone  
  30  2:46  Drone  
  32  2:54  Extractor  
  32  2:55  Extractor, Drone  
  32  2:58  Drone x2  
  33  2:59  Queen  
  33  3:05  Drone  
  36  3:12  Drone x2  
  38  3:20  Roach Warren  
  38  3:26  Drone  
  38  3:27  Drone x7  
  45  3:39  Drone x3  
  48  3:41  Drone  
  48  3:45  Drone x2  
  48  3:46  Lair  
  51  3:50  Drone  
  51  3:54  Drone  
  53  3:57  Overlord  
  53  3:58  Drone x2  
  55  4:03  Drone x3  
  58  4:13  Extractor  
  58  4:16  Extractor  
  56  4:21  Evolution Chamber  
  55  4:24  Drone x2  
  55  4:25  Drone x5  
  55  4:26  Drone  
  63  4:37  Roach  
  65  4:40  Overlord x3  
  65  4:45  Drone  
  66  4:48  Glial Reconstitution  
  66  4:52  Zerg Missile Weapons Level 1  
  66  5:00  Hydralisk Den, Drone  
  66  5:01  Drone  
  67  5:15  Drone  
  67  5:16  Drone x11  
  67  5:20  Hatchery  
  78  5:35  Roach x4  
  86  5:36  Roach x2  
  86  5:40  Overlord x3  
  86  5:42  Overlord x2  
  90  5:45  Grooved Spines  
  90  5:51  Overlord x4  
  90  5:57  Extractor  
  90  5:59  Extractor  
  90  6:01  Roach  
  90  6:02  Roach x4  
  100  6:11  Roach x2  
  102  6:19  Roach  
  102  6:20  Roach x6  
  102  6:22  Overlord  
  102  6:23  Overlord x2  
  116  6:40  Queen  
  116  6:43  Roach  
  116  6:44  Roach x13  
  146  6:59  Infestation Pit  
  145  7:03  Drone x6  
  145  7:04  Drone x2  
  153  7:22  Hydralisk  
  153  7:23  Hydralisk x10  
  153  7:28  Overlord x2  
  153  7:29  Overlord x2  
Tags
 
Add a new tag
Caveats
  • Supply blocks, unpowered buildings, or Contaminate may cause inaccurate times.
  • Supply counts are checked every 10 seconds.